AoeStats
← randomciv

Migration

504291847Analyzed
1v1 RM · 28d ago on Sep 4, 2026· 37m 13s· 2 players
Game mode
Random Map
Map size
132×132
Population
200
Speed
Normal
Resources
Standard
Victory
Conquest
Starting age
Dark Age
Ending age
Imperial Age
RankedLock teamsTeams togetherTeam positionsShared explorationLock speedFull tech treeHidden civsTurbo modeCheats
Victory
Defeat
🇩🇪 Bohemians · Germany
1991
+12
🇦🇷 Spanish · Argentina
1907
-12
randomciv
7:21 Loom
9:40 Feudal Age
10:51 Double-Bit Axe
13:02 Fletching
23:41 Castle Age
22:20 Horse Collar
23:27 Gold Mining
31:27 Imperial Age
32:29 Bow Saw
GimilMarduk
12:19 Feudal Age
15:48 Castle Age
15:41 Double-Bit Axe
15:42 Loom
16:44 Medium Warships
17:35 Bow Saw
18:27 Horse Collar
19:18 Fletching
20:38 Bodkin Arrow
22:48 Clinker Construction
24:13 Town Watch
24:52 Sanctity
27:37 Ballistics
27:58 Fervor
28:06 Padded Archer Armor
27:57 Elite Skirmisher
33:51 Imperial Age
31:44 Redemption
32:22 Masonry
34:04 Chemistry
34:34 Light Cavalry
35:21 Bracer
35:48 Block Printing
Connection lost

Rejoining the realm…

Still unreachable

The connection could not be restored.

Session expired

The server has moved on; the page needs a fresh start.